 Dungeon Sprint DCSS version 0.29-a0-362-g5854e031c7 (webtiles) character file.

Game seed: 3470765246912165482

69688 mhtbhm the Swordmaster (level 14, -1/168 HPs)
             Began as a Minotaur Berserker on Apr 29, 2022.
             Was the Champion of Trog.
             Slain by a vault guard
             ... wielding a +2 dire flail of distortion
              (10 damage)
             ... in the Dungeon (Sprint IX: "|||||||||||||||||||||||||||||").
             The game lasted 00:10:42 (5535 turns).

mhtbhm the Swordmaster (Minotaur Berserker)         Turns: 5535, Time: 00:10:43

Health: -1/168     AC: 30    Str: 27    XL:     14   Next: 91%
Magic:  13/13      EV: 13    Int:  4    God:    Trog [******]
Gold:   348        SH:  0    Dex: 10    Spells: 13/13 levels left

rFire   + . .      SeeInvis .   w - +7 great sword (flame)
rCold   + . .      Faith    .   (shield currently unavailable)
rNeg    . . .      Spirit   .   b - +1 plate armour {rPois}
rPois   +          Reflect  .   (helmet restricted)
rElec   +          Harm     .   l - +0 cloak
rCorr   .          Rampage  +   x - +0 pair of gloves
Will    +++..      NoTele   +   z - +1 pair of boots {rampage}
Stlth   ..........              C - amulet of the acrobat
HPRegen 1.38/turn               y - ring "Lesecim" {rElec rPois rF+}
MPRegen 0.13/turn               B - ring of protection from cold

@: strong-willed, regenerating
A: horns 2, retaliatory headbutt
a: Renounce Religion, Berserk, Trog's Hand, Brothers in Arms


You were in the Dungeon.
You worshipped Trog.
Trog was exalted by your worship.
You visited 1 branch You collected 1935 gold pieces.
You spent 1587 gold pieces at shops.

Inventory:

Hand Weapons
 a - a +2 double sword of flaming
 v - a +2 scimitar of holy wrath
 w - a +7 great sword of flaming (weapon)
 F - a +8 great sword
Missiles
 q - 4 poisoned darts (quivered)
Armour
 b - a +1 plate armour of poison resistance (worn)
 l - a +0 cloak (worn)
 m - a +1 tower shield
 x - a +0 pair of gloves (worn)
 z - a +1 pair of boots of rampaging (worn)
 A - the +1 pair of gloves of the Gate {Will++ Str-3}
   (You bought it in a shop in the Dungeon)

   Str:       It affects your strength (-3).
   Will:      It greatly increases your willpower.
Jewellery
 k - a ring of protection from fire
 y - the ring "Lesecim" (left hand) {rElec rPois rF+}
   (You bought it in a shop in the Dungeon)

   [ring of protection from fire]

   rF:        It protects you from fire.
   rElec:     It insulates you from electricity.
   rPois:     It protects you from poison.
 B - a ring of protection from cold (right hand)
 C - an amulet of the acrobat (around neck)
 D - a ring of ice
Wands
 j - a wand of iceblast (6)
 E - a wand of paralysis (12)
 G - a wand of flame (19)
Scrolls
 h - a scroll of blinking
 n - 4 scrolls of enchant armour
 r - a scroll of identify
 s - 2 scrolls of enchant weapon
 u - 4 scrolls of fear
Potions
 c - 4 potions of curing
 e - 2 potions of haste
 f - 3 potions of magic
 g - a potion of berserk rage
 i - a potion of invisibility
 o - a potion of might
 p - 3 potions of mutation


   Skills:
 O Level 27 Fighting
 O Level 27 Long Blades
 + Level 2.0 Throwing
 O Level 27 Armour
 + Level 15.0 Dodging
 + Level 9.1 Stealth
 + Level 2.7 Evocations


You had 13 spell levels left.
You didn't know any spells.
Your spell library was empty.

Dungeon Overview and Level Annotations

Branches:
Dungeon (1/1)

Altars:
Cheibriados
Dithmenos
Elyvilon
Fedhas
Gozag
Hepliaklqana
Kikubaaqudgha
Makhleb
Nemelex Xobeh
Okawaru
Qazlal
Ru
Sif Muna
Trog
Uskayaw
Vehumet
Wu Jian
Xom
Yredelemnul
Zin
The Shining One
Beogh
Jiyva
Lugonu

Shops:
D :=[[


Innate Abilities, Weirdness & Mutations

You have a pair of horns on your head.
You reflexively headbutt those who attack you in melee.


Message History

The ironbound preserver hits you with a +0 flail!
* * * LOW HITPOINT WARNING * * *
Unknown command.
Unknown command.
You feel better.
The ironbound preserver hits you but does no damage.
Unknown command.
Unknown command.
Your skin crawls.
You feel strong-willed.
The ironbound preserver hits you but does no damage.
The ironbound convoker points at the yaktaur and mumbles some strange words.
The yaktaur seems to grow stronger.
Unknown command.
You slice the ironbound preserver!! You burn the ironbound preserver.
The ironbound preserver is severely wounded.
You slash the ironbound preserver! You burn the ironbound preserver.
Your headbutt misses the ironbound preserver.
The ironbound preserver is almost dead.
The ironbound preserver hits you with a +0 flail!
* * * LOW HITPOINT WARNING * * *
Unknown command.
Unknown command.
You slice the ironbound preserver!! You burn the ironbound preserver.
You kill the ironbound preserver!
Trog accepts your kill.
Trog appreciates your killing of a magic user.
Your Dodging skill increases to level 15!
Your Stealth skill increases to level 9!
You slice the vault guard!! You burn the vault guard!
The vault guard is heavily wounded.
You recover from your berserk rage.
The vault guard hits you with a +2 dire flail of distortion!!
* * * LOW HITPOINT WARNING * * *
Unknown command.
Unknown command.
Okay, then.
You feel better.
The vault guard hits you with a +2 dire flail of distortion!
You die...

[[[[.[[........)[')))))).(.......
▓▓▓▓▓▓▓▓▓▓▓▓▓▓▓▓▓▓▓▓▓▓▓▓▓▓▓▓▓▓▓▓▓
.................)...............
▓▓▓▓▓▓▓▓▓▓▓▓▓▓▓▓▓▓▓▓▓▓▓▓▓▓▓▓▓▓▓▓▓
'.)÷))..†.††.†.†....')))†))...'..
▓▓▓▓▓▓▓▓▓▓▓▓▓▓▓▓▓▓▓▓▓▓▓▓▓▓▓▓▓▓▓▓▓
.........................).......
▓▓▓▓▓▓▓▓▓▓▓▓▓▓▓▓▓▓▓▓▓▓▓▓▓▓▓▓▓▓▓▓▓
)(.......))+))).@ppc.....
▓▓▓▓▓▓▓▓▓▓▓▓▓▓▓▓▓▓▓▓▓▓▓▓▓


You could see a vault guard (strong), an ironbound convoker and a yaktaur
(strong).

Vanquished Creatures
  Agnes (D)
  2 nagarajas (D)
  A frost giant (D)
  A ghost moth (D)
  2 vault wardens (D)
  4 ironbound preservers (D)
  A very ugly thing (D)
  3 stone giants (D)
  A vampire knight (D)
  An ironbound thunderhulk (D)
  4 eleionomae (D)
  A dire elephant (D)
  2 fire dragons (D)
  A shambling mangrove (D)
  3 great orbs of eyes (D)
  2 hydras (D)
  3 ice dragons (D)
  A rakshasa (D)
  A yaktaur captain (D)
  A peacekeeper (D)
  2 boulder beetles (D)
  A radroach (D)
  A ghost crab (D)
  6 ogre magi (D)
  A centaur warrior (D)
  An ironbound frostheart (D)
  A spriggan air mage (D)
  A catoblepas (D)
  A merfolk avatar (D)
  8 two-headed ogres (D)
  A merfolk aquamancer (D)
  A death yak (D)
  A naga warrior (D)
  A deep troll shaman (D)
  2 tengu warriors (D)
  A spriggan berserker (D)
  2 deep troll earth magi (D)
  2 sun moths (D)
  A sea snake (D)
  A spriggan druid (D)
  A steelbarb worm (D)
  3 wizards (D)
  2 orc knights (D)
  2 mana vipers (D)
  A wolf spider (D)
  A salamander (D)
  2 will-o-the-wisps (D)
  A moth of wrath (D)
  A cyclops (D)
  A manticore (D)
  2 vault sentinels (D)
  Maurice (D)
  A water nymph (D)
  A guardian serpent (D)
  3 black mambas (D)
  A torpor snail (D)
  An unseen horror (D)
  2 cane toads (D)
  An efreet (D)
  A yaktaur (D)
  A rime drake (shapeshifter) (D)
  2 wind drakes (D)
  2 hornets (D)
  2 slime creatures (D)
  A jumping spider (D)
  A water elemental (D)
  A wyvern (D)
  2 culicivoras (D)
  2 basilisks (D)
  6 yaks (D)
  Eustachio (D)
  A naga (D)
  An acid dragon (D)
  3 water moccasins (D)
  A floating eye (D)
  11 orc warriors (D)
  An ogre (D)
  A centaur (D)
  A phantom (D)
  3 bullfrogs (D)
  3 orc priests (D)
  2 orc wizards (D)
  3 adders (D)
  8 orcs (D)
  A hobgoblin (D)
  A quokka (D)
  A ball python (D)
  A goblin (D)
  A kobold (D)
  A rat (D)
167 creatures vanquished.

Vanquished Creatures (collateral kills)
  A frost giant (D)
  2 stone giants (D)
  A very ugly thing (D)
  A yaktaur captain (D)
  A fire dragon (D)
  A catoblepas (D)
  4 death yaks (D)
  A necromancer (D)
  A yak (D)
13 creatures vanquished.

Vanquished Creatures (others)
  A foxfire (D)
1 creature vanquished.

Grand Total: 181 creatures vanquished

Notes
Turn   | Place    | Note
-------+----------+-------------------------------------------
     0 | D        | mhtbhm the Minotaur Berserker began the quest for the Orb.
     0 | D        | Reached XP level 1. HP: 19/19 MP: 0/0
     7 | D        | Reached ** piety under Trog
    51 | D        | Noticed a phantom
    54 | D        | Reached skill level 5 in Fighting
    54 | D        | Reached skill level 5 in Long Blades
    54 | D        | Reached XP level 2. HP: 29/29 MP: 1/1
    54 | D        | Reached *** piety under Trog
    66 | D        | Killed a phantom
    67 | D        | Reached XP level 3. HP: 17/39 MP: 2/2
    67 | D        | Reached XP level 4. HP: 20/47 MP: 3/3
    77 | D        | Found a snail-covered altar of Cheibriados.
    77 | D        | Found a shadowy altar of Dithmenos.
    77 | D        | Found a white marble altar of Elyvilon.
    77 | D        | Found a blossoming altar of Fedhas.
    77 | D        | Found an opulent altar of Gozag.
    78 | D        | Found a hazy altar of Hepliaklqana.
    79 | D        | Found a viscous altar of Jiyva.
    80 | D        | Found an ancient bone altar of Kikubaaqudgha.
    81 | D        | Found a corrupted altar of Lugonu.
    82 | D        | Found a burning altar of Makhleb.
    83 | D        | Found a sparkling altar of Nemelex Xobeh.
    84 | D        | Found an iron altar of Okawaru.
    85 | D        | Found a stormy altar of Qazlal.
    86 | D        | Found a sacrificial altar of Ru.
    87 | D        | Found a shimmering blue altar of Sif Muna.
    88 | D        | Found a bloodstained altar of Trog.
    89 | D        | Found a hide-covered altar of Uskayaw.
    90 | D        | Found a radiant altar of Vehumet.
    91 | D        | Found an ornate altar of the Wu Jian Council.
    92 | D        | Found a shimmering altar of Xom.
    93 | D        | Found a basalt altar of Yredelemnul.
    94 | D        | Found a glowing silver altar of Zin.
    95 | D        | Found a glowing golden altar of the Shining One.
   326 | D        | Noticed a yak
   326 | D        | Noticed a yak
   326 | D        | Noticed a two-headed ogre
   326 | D        | Noticed an acid dragon
   326 | D        | Noticed a centaur
   326 | D        | Noticed a hornet
   330 | D        | Killed a yak
   330 | D        | Reached **** piety under Trog
   331 | D        | Reached skill level 5 in Armour
   331 | D        | Reached skill level 5 in Dodging
   331 | D        | Reached XP level 5. HP: 57/57 MP: 4/4
   336 | D        | Killed a yak
   337 | D        | Reached skill level 10 in Fighting
   337 | D        | Reached XP level 6. HP: 67/67 MP: 5/5
   340 | D        | Killed a two-headed ogre
   341 | D        | Reached XP level 7. HP: 37/78 MP: 6/6
   343 | D        | Reached XP level 8. HP: 42/86 MP: 7/7
   354 | D        | Paralysed by a hornet for 2 turns
   357 | D        | Killed a hornet
   357 | D        | Reached ***** piety under Trog
   589 | D        | Noticed a boulder beetle
   589 | D        | Noticed a slime creature
   589 | D        | Noticed a boulder beetle
   589 | D        | Noticed a four-headed hydra
   600 | D        | Killed a boulder beetle
   601 | D        | Reached skill level 15 in Long Blades
   642 | D        | Killed a slime creature
   643 | D        | Reached XP level 9. HP: 96/96 MP: 8/8
   650 | D        | Killed an unseen horror
   651 | D        | Reached skill level 15 in Fighting
   651 | D        | Reached skill level 10 in Armour
   672 | D        | Killed a boulder beetle
   672 | D        | Received a gift from Trog
   868 | D        | Killed a ten-headed hydra
  1035 | D        | Noticed a cane toad
  1035 | D        | Noticed a black mamba
  1046 | D        | Reached XP level 10. HP: 107/107 MP: 9/9
  1050 | D        | Killed a cane toad
  1051 | D        | Reached skill level 1 in Evocations
  1052 | D        | Killed a black mamba
  1060 | D        | Reached ****** piety under Trog
  1119 | D        | Noticed a catoblepas
  1119 | D        | Noticed a black mamba
  1119 | D        | Noticed a cane toad
  1123 | D        | Reached skill level 10 in Dodging
  1123 | D        | Noticed a seven-headed hydra
  1127 | D        | Killed a catoblepas
  1131 | D        | Received a gift from Trog
  1134 | D        | Killed a black mamba
  1141 | D        | HP: 4/111 [seven-headed hydra (3)]
  1528 | D        | Killed a cane toad
  1542 | D        | Killed a 14-headed hydra
  1543 | D        | Reached skill level 15 in Armour
  1719 | D        | Noticed a death yak
  1719 | D        | Noticed a catoblepas
  1719 | D        | Noticed a death yak
  1719 | D        | Noticed a death yak
  1719 | D        | Noticed a death yak
  1726 | D        | Killed a death yak
  1727 | D        | Reached skill level 1 in Stealth
  1727 | D        | Reached XP level 11. HP: 119/119 MP: 10/10
  1727 | D        | Noticed a death yak
  1755 | D        | Killed a catoblepas
  1757 | D        | Killed a death yak
  1757 | D        | Received a gift from Trog
  1759 | D        | Killed a death yak
  1761 | D        | Killed a death yak
  1762 | D        | Killed a death yak
  2120 | D        | Noticed Eustachio
  2129 | D        | Killed Eustachio
  2191 | D        | Noticed an orc knight
  2191 | D        | Received a gift from Trog
  2201 | D        | Killed an orc knight
  2202 | D        | Noticed an orc knight
  2214 | D        | Killed an orc knight
  2450 | D        | Received a gift from Trog
  2472 | D        | Received a gift from Trog
  2580 | D        | Found Giuten's Book Emporium.
  2580 | D        | Noticed a two-headed ogre
  2580 | D        | Noticed a two-headed ogre
  2580 | D        | Noticed an ogre mage
  2580 | D        | Noticed an ogre mage
  2580 | D        | Noticed a two-headed ogre
  2581 | D        | Killed a two-headed ogre
  2584 | D        | Killed a two-headed ogre
  2586 | D        | Killed an ogre mage
  2587 | D        | Found Kuefippe's Jewellery Shoppe.
  2589 | D        | Killed an ogre mage
  2589 | D        | Received a gift from Trog
  2590 | D        | Reached XP level 12. HP: 134/134 MP: 11/11
  2590 | D        | Killed a two-headed ogre
  2591 | D        | Noticed an ogre mage
  2591 | D        | Noticed a two-headed ogre
  2592 | D        | Found Idghodghit's Armour Emporium.
  2593 | D        | Noticed a two-headed ogre
  2595 | D        | Found Kafut's Antique Armour Shoppe.
  2597 | D        | Noticed a two-headed ogre
  2598 | D        | Killed an ogre mage
  2601 | D        | Killed a two-headed ogre
  2603 | D        | Killed a two-headed ogre
  2603 | D        | Received a gift from Trog
  2606 | D        | Killed a two-headed ogre
  2608 | D        | Noticed an ogre mage
  2621 | D        | Killed an ogre mage
  2641 | D        | Noticed an ogre mage
  2777 | D        | Noticed a two-headed ogre
  2783 | D        | Killed an ogre mage
  2787 | D        | Killed a two-headed ogre
  2870 | D        | Bought a runed plate armour for 598 gold pieces
  2879 | D        | Bought the ring "Lesecim" {rElec rPois rF+} for 604 gold
                  | pieces
  2881 | D        | Bought a +1 pair of boots of rampaging for 181 gold pieces
  2881 | D        | Bought the +1 pair of gloves of the Gate {Will++ Str-3} for
                  | 204 gold pieces
  3054 | D        | Noticed a tengu warrior
  3054 | D        | Noticed an ogre mage
  3058 | D        | Noticed a centaur warrior
  3061 | D        | Killed a tengu warrior
  3062 | D        | Noticed an ice dragon
  3070 | D        | Received a gift from Trog
  3074 | D        | Noticed a spriggan air mage
  3076 | D        | Killed an ogre mage
  3077 | D        | Noticed a stone giant
  3079 | D        | Noticed a fire dragon
  3084 | D        | Killed a centaur warrior
  3087 | D        | Killed an ice dragon
  3087 | D        | Received a gift from Trog
  3088 | D        | Noticed a fire dragon
  3090 | D        | Noticed a tengu warrior
  3091 | D        | Killed a spriggan air mage
  3094 | D        | Paralysed by a floating eye for 2 turns
  3098 | D        | Paralysed by a floating eye for 2 turns
  3100 | D        | Killed a stone giant
  3102 | D        | Killed a fire dragon
  3103 | D        | Paralysed by a floating eye for 3 turns
  3110 | D        | Killed a fire dragon
  3111 | D        | Received a gift from Trog
  3114 | D        | Killed a tengu warrior
  3115 | D        | Reached XP level 13. HP: 68/148 MP: 12/12
  3360 | D        | Noticed Agnes
  3369 | D        | Killed Agnes
  3520 | D        | Noticed an eleionoma
  3520 | D        | Noticed an eleionoma
  3520 | D        | Noticed an eleionoma
  3520 | D        | Noticed an eleionoma
  3526 | D        | Killed an eleionoma
  3533 | D        | Killed an eleionoma
  3542 | D        | Killed an eleionoma
  3542 | D        | Received a gift from Trog
  3546 | D        | Killed an eleionoma
  3547 | D        | Reached skill level 1 in Throwing
  3644 | D        | HP: 5/150 [something (6)]
  3648 | D        | Killed a ghost moth
  3651 | D        | Received a gift from Trog
  4148 | D        | Received a gift from Trog
  4164 | D        | Received a gift from Trog
  4509 | D        | Received a gift from Trog
  4641 | D        | Noticed a nagaraja
  4647 | D        | Noticed a nagaraja
  4652 | D        | Killed a nagaraja
  4656 | D        | Received a gift from Trog
  4659 | D        | Killed a nagaraja
  4736 | D        | Noticed Maurice
  4745 | D        | Killed Maurice
  4818 | D        | Noticed a stone giant
  4818 | D        | Noticed a stone giant
  4818 | D        | Noticed a fire dragon
  4818 | D        | Noticed a stone giant
  4819 | D        | Noticed a vampire knight
  4823 | D        | Killed a stone giant
  4824 | D        | Reached XP level 14. HP: 165/165 MP: 13/13
  4824 | D        | Received a gift from Trog
  4825 | D        | Reached skill level 5 in Stealth
  4828 | D        | Killed a stone giant
  4829 | D        | Noticed a red very ugly thing
  4834 | D        | Noticed a frost giant
  4837 | D        | Killed a stone giant
  4838 | D        | Reached skill level 27 in Long Blades
  4838 | D        | Noticed a stone giant
  4847 | D        | Killed a vampire knight
  4847 | D        | Received a gift from Trog
  4848 | D        | Noticed a purple very ugly thing
  4852 | D        | Killed a red very ugly thing
  4857 | D        | Reached skill level 27 in Fighting
  4869 | D        | Killed a frost giant
  4869 | D        | Received a gift from Trog
  4870 | D        | Killed a stone giant
  4872 | D        | Killed a purple very ugly thing
  5187 | D        | Received a gift from Trog
  5214 | D        | Noticed a frost giant
  5320 | D        | Killed a frost giant
  5407 | D        | Noticed an ironbound preserver
  5407 | D        | Noticed an ironbound preserver
  5425 | D        | Killed an ironbound preserver
  5427 | D        | Noticed a vault warden
  5430 | D        | Killed an ironbound preserver
  5431 | D        | Noticed an ironbound thunderhulk
  5434 | D        | Paralysed by a great orb of eyes for 3 turns
  5441 | D        | Paralysed by a great orb of eyes for 7 turns
  5461 | D        | Received a gift from Trog
  5462 | D        | Noticed an ironbound preserver
  5463 | D        | Killed a vault warden
  5467 | D        | Killed an ironbound thunderhulk
  5483 | D        | Killed an ironbound preserver
  5485 | D        | Noticed a vault warden
  5490 | D        | Received a gift from Trog
  5496 | D        | Reached skill level 27 in Armour
  5499 | D        | Killed a vault warden
  5509 | D        | Received a gift from Trog
  5514 | D        | Noticed an ironbound preserver
  5514 | D        | HP: 6/168 [yaktaur captain/bolt (31)]
  5533 | D        | Killed an ironbound preserver
  5534 | D        | Reached skill level 15 in Dodging
  5534 | D        | HP: 3/168 [vault guard/+2 dire flail of distortion (24)]
  5535 | D        | Slain by a vault guard

Illustrated notes

Levels and vault maps discovered:
D:        linesprint [early_d, line_temple, items_1, d_10, items_2, lair_1,
          lair_end, items_3, orc_1, orc_end, items_4, d_15, swamp_1, shoals_1,
          snake_1, spider_1, d_20, vaults_1, items_5, swamp_end, shoals_end,
          snake_end, spider_end, vaults_end, d_27, items_6, zot_1, zot_end,
          crypt_end, forest_end, elf_end, slime_end, tomb_end, abyss_end,
          pan_hell_end]

Skill      XL: |  1  2  3  4  5  6  7  8  9 10 11 12 13 14 |
---------------+-------------------------------------------+-----
Fighting       | 5 7 9 10 12 13 14 16 18 20 23 26 27 | 27.0
Long Blades    | 5 7 9 11 13 15 16 18 20 23 26 27 | 27.0
Armour         | 3 4 5 6 7 9 12 15 18 20 22 27 | 27.0
Dodging        | 3 5 6 7 8 9 10 11 15 | 15.0
Evocations     | 1 2 |  2.7
Stealth        | 1 4 9 |  9.1
Throwing       | 2 |  2.0

Action                   |  1- 3 |  4- 6 |  7- 9 | 10-12 | 13-15 || total
-------------------------+-------+-------+-------+-------+-------++-------
Melee: Falchion          |    22 |     5 |       |       |       ||    27
       Headbutt          |     1 |     4 |    15 |    45 |    75 ||   140
       Scimitar          |       |    12 |    65 |    44 |       ||   121
       Double sword      |       |       |       |    15 |       ||    15
       Great sword       |       |       |       |   127 |   290 ||   417
Throw: Dart              |       |       |       |       |     2 ||     2
Invok: Berserk           |     1 |     1 |     4 |     7 |     7 ||    20
       Brothers in Arms  |       |       |       |     3 |     4 ||     7
       Trog's Hand       |       |       |       |       |     1 ||     1
Evoke: Wand              |       |       |     3 |     1 |     2 ||     6
  Use: Potion            |       |       |       |     2 |    10 ||    12
       Scroll            |       |       |       |     1 |     2 ||     3
 Stab: Petrifying        |       |       |       |     1 |       ||     1
       Petrified         |       |       |       |     1 |       ||     1
       Distracted        |       |       |       |       |     1 ||     1
Armor: Chain mail        |       |     2 |    29 |    57 |       ||    88
       Plate armour      |       |       |       |    17 |    95 ||   112
Dodge: Dodged            |     7 |     8 |    25 |    85 |    73 ||   198

Table legend: (Time is in decaauts)
 A = Elapsed time spent in this place.
 B = Non-inter-level travel time spent in this place.
 C = Inter-level travel time spent in this place.
 D = Time resting spent in this place.
 E = Time spent auto-exploring this place.
 F = Levels seen in this place.
 G = Mean time per level.
                   A        B        C        D        E       F      G
               +--------+--------+--------+--------+--------+-----+--------+
         Total |   5513 |   5513 |      0 |   3722 |    160 |   1 | 5513.0 |
       Dungeon |   5513 |   5513 |      0 |   3722 |    160 |   1 | 5513.0 |
               +--------+--------+--------+--------+--------+-----+--------+

Top non-repeatable levels by time:
       D: 5513 daAuts
